 Dungeon Crawl Stone Soup version 0.21.1-1-g345015fe64 (webtiles) character file.

193 Gargoyl the Skirmisher (level 5, 0/46 HPs)
             Began as a Centaur Abyssal Knight on July 3, 2018.
             Was a Believer of Lugonu.
             Succumbed to a scorpion's poison
             ... on level 4 of the Dungeon.
             The game lasted 00:05:44 (3973 turns).

Gargoyl the Skirmisher (Centaur Abyssal Knight)     Turns: 3973, Time: 00:05:45

Health: 0/46       AC:  7    Str: 15    XL:     5   Next: 44%
Magic:  7/7        EV:  4    Int: 11    God:    Lugonu [**....]
Gold:   192        SH:  3    Dex:  9    Spells: 4/4 levels left

rFire    . . .     SeeInvis .   a - +3 hand axe
rCold    . . .     Gourm    .   (no shield)
rNeg     + . .     Faith    .   d - +0 chain mail
rPois    .         Spirit   .   (no helmet)
rElec    .         Reflect  +   (no cloak)
rCorr    .         Harm     .   (no gloves)
MR       .....                  (no barding)
Stlth    ..........             h - +3 amulet of reflection
HPRegen  0.15/turn              i - ring of positive energy
MPRegen  0.10/turn              (no ring)

@: lethally poisoned (0 -> -15), very quick
A: large, hooves 3, deformed body, speed 2, tough skin 3
a: Depart the Abyss, Bend Space, Renounce Religion


You were on level 4 of the Dungeon.
You worshipped Lugonu.
Lugonu was pleased with you.
You were hungry.

You visited 1 branch of the dungeon, and saw 4 of its levels.
You visited the Abyss 1 time.

You collected 192 gold pieces.

Inventory:

Hand Weapons
 a - a +3 hand axe (weapon)
Armour
 d - a +0 chain mail (worn)
Jewellery
 h - a +3 amulet of reflection (around neck)
 i - a ring of positive energy (left hand)
Scrolls
 f - a scroll of noise {unknown}
 k - a scroll of identify
Potions
 b - 2 potions of haste {unknown}
 e - 2 potions of heal wounds {unknown}
 g - a potion of degeneration {unknown}
 j - 3 potions of curing {unknown}
Comestibles
 c - 5 rations


   Skills:
 + Level 3.7 Fighting
 + Level 3.1 Axes
 * Level 2.6 Armour
 + Level 0.9 Dodging
 * Level 3.1 Invocations


You had 4 spell levels left.
You didn't know any spells.

Dungeon Overview and Level Annotations

Branches:
Dungeon (4/15)
 Temple: D:4-7

Altars:


Innate Abilities, Weirdness & Mutations

You have hooves in place of feet.
Armour fits poorly on your strangely shaped body.
You cover ground very quickly.
You have extremely tough skin. (AC +3)


Message History

You feel sick.
The scorpion stings you but does no damage.
Your chain mail prevents you from hitting the scorpion.
Your kick misses the scorpion.
The scorpion is lightly wounded.
You feel sick. The scorpion stings you.
You hit the scorpion but do no damage.
The scorpion is lightly wounded.
You feel sick. The scorpion stings you.
* * * LOW HITPOINT WARNING * * *
You hit the scorpion.
The scorpion is moderately wounded.
* * * LOW HITPOINT WARNING * * *
You feel sick. The scorpion stings you.
* * * LOW HITPOINT WARNING * * *
You are more poisoned.
The scorpion poisons you!
You hit the scorpion but do no damage.
The scorpion is lightly wounded.
You die...

#.. #.# #.#
#$#.# #.#.#
#.#.#
.####.#s###.#
#......$@....#
.#..###.#.#####
....###.#.#
..........#
#......†.######
##)..$.†..(...#
##..#.#.####.#
#..#.#.# .# #.
#.#.####.#


You could see a scorpion.

Vanquished Creatures
  A worker ant (D:4)
  9 adders
  2 dart slugs (D:1)
  4 worms
  2 leopard geckos
  An orc (D:3)
  14 bats
  11 giant cockroaches
  5 hobgoblins
  A quokka (D:4)
  5 frilled lizards
  7 goblins
  8 kobolds
  11 rats
81 creatures vanquished.

Vanquished Creatures (others)
  6 starspawn tentacles (Abyss:1)
6 creatures vanquished.

Grand Total: 87 creatures vanquished

Notes
Turn   | Place    | Note
-------+----------+-------------------------------------------
     0 | Abyss:1  | Gargoyl the Centaur Abyssal Knight began the quest for the Orb.
     0 | Abyss:1  | Reached XP level 1. HP: 19/19 MP: 2/2
    41 | Abyss:1  | Found a corrupted altar of Lugonu.
   106 | Abyss:1  | Noticed a daeva
   120 | Abyss:1  | Noticed a tentacled starspawn
   120 | Abyss:1  | Noticed a neqoxec
   121 | Abyss:1  | Noticed a freezing wraith
   128 | Abyss:1  | Noticed an iron imp
   130 | Abyss:1  | Noticed an ancient zyme
   170 | D:1      | Escaped the Abyss
   297 | D:1      | Reached * piety under Lugonu
   339 | D:1      | Reached XP level 2. HP: 26/26 MP: 3/3
   767 | D:1      | Reached XP level 3. HP: 28/31 MP: 4/4
  1597 | D:2      | Reached XP level 4. HP: 7/40 MP: 5/5
  1618 | D:2      | HP: 2/40 [poisoned by an adder]
  2447 | D:2      | Reached ** piety under Lugonu
  3213 | D:3      | Reached XP level 5. HP: 45/46 MP: 7/7
  3972 | D:4      | HP: 2/46 [scorpion (5)]
  3973 | D:4      | Succumbed to a scorpion's poison

Skill      XL: |  1  2  3  4  5 |
---------------+----------------+-----
Axes           | 2 3 |  3.1
Armour         | 2 |  2.6
Invocations    | 3 |  3.1
Fighting       | |  3.7
Dodging        | |  0.9

Action                   |  1- 3 |  4- 6 || total
-------------------------+-------+-------++-------
Melee: Hand axe          |   111 |   118 ||   229
       Kick              |    19 |    18 ||    37
Invok: Depart the Abyss  |     1 |       ||     1
  Use: Scroll            |     4 |     4 ||     8
  Eat: Chunk             |       |     3 ||     3
       Ration            |       |     1 ||     1
Armor: Chain mail        |    89 |    95 ||   184
Dodge: Dodged            |    26 |    33 ||    59
Block: Other             |       |     3 ||     3
